 Dungeon Crawl Stone Soup version 0.29.1-12-g30fa7ad0bf (webtiles) character file.

Game seed: 10609409963170502366

5885 cowcol the Basher (level 10, -10/84 HPs)
             Began as a Purple Draconian Berserker on Dec 16, 2022.
             Was a Priest of Trog.
             Mangled by cheesebisquit's ghost (11 damage)
             ... on level 1 of the Lair of Beasts.
             The game lasted 00:22:54 (10093 turns).

cowcol the Basher (Purple Draconian Berserker)     Turns: 10093, Time: 00:22:54

Health: -10/84     AC: 11    Str: 21    XL:     10   Next: 52%
Magic:  10/10      EV: 13    Int:  8    God:    Trog [***...]
Gold:   522        SH:  0    Dex: 13    Spells: 9/9 levels left

rFire   + . .      SeeInvis .   u - +0 eveningstar
rCold   x . .      Faith    .   (no shield)
rNeg    . . .      Spirit   .   (body armour unavailable)
rPois   .          Reflect  .   (helmet restricted)
rElec   .          Harm     .   (no cloak)
rCorr   +          Rampage  .   F - +1 pair of gloves
Will    +++..                   B - +1 pair of boots
Stlth   ++........              (no amulet)
HPRegen 1.24/turn               m - ring of fire
MPRegen 0.12/turn               q - ring of resist corrosion

@: short of breath, strong-willed, on berserk cooldown, regenerating, hasted and
slowed
A: breathe power, AC +7, unfitting armour, cold-blooded
a: Breathe Dispelling Energy, Renounce Religion, Berserk, Trog's Hand


You were on level 1 of the Lair of Beasts.
You worshipped Trog.
Trog was most pleased with you.
You visited 2 branches of the dungeon, and saw 9 of its levels.

You collected 522 gold pieces.

Inventory:

Hand Weapons
 u - a +0 eveningstar (weapon)
 x - a +0 war axe
 C - a +0 halberd
 E - a +0 long sword
Missiles
 s - 12 poisoned darts (quivered)
 t - 3 boomerangs
 A - 6 silver javelins
Armour
 B - a +1 pair of boots (worn)
 F - a +1 pair of gloves (worn)
Jewellery
 a - a ring of positive energy
 m - a ring of fire (left hand)
 q - a ring of resist corrosion (right hand)
Wands
 w - a wand of iceblast (21)
 G - a wand of mindburst (12)
 K - a wand of polymorph (7)
Scrolls
 b - a scroll of fear
 f - a scroll of identify
 h - 5 scrolls of magic mapping
 n - 3 scrolls of teleportation
 r - 2 scrolls of fog
 v - a scroll of immolation
 D - a scroll of poison
Potions
 c - a potion of lignification {unknown}
 d - 6 potions of curing
 e - a potion of magic {unknown}
 g - a potion of ambrosia {unknown}
 i - 2 potions of invisibility {unknown}
 j - 2 potions of attraction {unknown}
 l - 2 potions of flight
 p - a potion of might {unknown}
 z - a potion of haste
 H - a potion of heal wounds
 J - a potion of brilliance {unknown}


   Skills:
 + Level 6.9 Fighting
 - Level 0.6(3.8) Short Blades
 * Level 6.0(6.1) Long Blades
 * Level 6.4(9.3) Axes
 * Level 10.4(11.2) Maces & Flails
 + Level 2.4 Throwing
 + Level 4.8 Dodging
 + Level 3.3 Stealth


You had 9 spell levels left.
You didn't know any spells.
Your spell library was empty.

Dungeon Overview and Level Annotations

Branches:
Dungeon (8/15)             Temple (0/1) D:5            Lair (1/5) D:8

Altars:
Ashenzari
Kikubaaqudgha
Vehumet

Shops:
D:1 (   D:3 (

Annotations:
Lair:1 cheesebisquit's ghost, journeyman MiBe


Innate Abilities, Weirdness & Mutations

You can breathe bolts of dispelling energy.
Your rich purple scales are hard. (AC +7)
You cannot fit into any form of body armour.
You are cold-blooded and may be slowed by cold attacks.


Message History

Cheesebisquit's ghost is severely damaged.
Cheesebisquit's ghost closely misses you.
You hit cheesebisquit's ghost but do no damage.
Cheesebisquit's ghost is severely damaged.
Cheesebisquit's ghost barely misses you.
You hit cheesebisquit's ghost but do no damage.
Cheesebisquit's ghost is severely damaged.
Cheesebisquit's ghost barely misses you.
You puncture cheesebisquit's ghost!
Cheesebisquit's ghost is severely damaged.
Cheesebisquit's ghost closely misses you.
You closely miss cheesebisquit's ghost.
Cheesebisquit's ghost is severely damaged.
Cheesebisquit's ghost hits you!
You hit cheesebisquit's ghost but do no damage.
Cheesebisquit's ghost is severely damaged.
Cheesebisquit's ghost hits you!
* * * LOW HITPOINT WARNING * * *
You hit cheesebisquit's ghost but do no damage.
Cheesebisquit's ghost is severely damaged.
Cheesebisquit's ghost hits you.
* * * LOW HITPOINT WARNING * * *
You feel much better. Cheesebisquit's ghost hits you!!
* * * LOW HITPOINT WARNING * * *
Aiming: Breathe Dispelling Energy (3% risk of failure)
Press: ? - help, Shift-Dir - straight line, f - cheesebisquit's ghost
Aim: cheesebisquit's ghost (severely damaged, 65% to hit)
You breathe a bolt of dispelling energy.
The bolt of dispelling energy misses cheesebisquit's ghost.
Cheesebisquit's ghost hits you but does no damage.
Cheesebisquit's ghost attacks as you move away!
Cheesebisquit's ghost misses you.
Your skin crawls.
You feel strong-willed.
Your extra speed is starting to run out.
Cheesebisquit's ghost hits you!!
* * * LOW HITPOINT WARNING * * *
Cheesebisquit's ghost attacks as you move away!
Cheesebisquit's ghost hits you!
You die...

##### ...#
#P8P# ....#
#.$?#....##
##'##......
#...#......
#...#.....#
#.......#
#.W....##
#.@....###
##.......#
#.......#
##...#...#
#....###.#
. ##..## ##
.. ##.##
#.. #...##
#######.
#...P#
#...##..


You could see cheesebisquit's ghost.

Vanquished Creatures
  A black mamba (Lair:1)
  A cane toad (D:8)
  A hornet (D:8)
  3 blink frogs (Lair:1)
  10 yaks (Lair:1)
  Menkaure (D:6)
  3 water moccasins
  3 black bears
  An ice beast (D:5)
  2 sky beasts
  An orc warrior (D:7)
  4 wolves
  3 ogres
  2 phantoms
  3 bullfrogs
  A necrophage (D:7)
  3 scorpions
  3 howler monkeys (D:8)
  5 orc priests
  6 hounds
  Crazy Yiuf (D:2)
  2 iguanas
  3 orc wizards
  Robin (D:2)
  A gnoll (D:1)
  11 adders
  A shadow imp (D:7)
  2 ufetubi (D:6)
  4 worms
  A dart slug (D:4)
  23 orcs
  3 endoplasms
  6 giant cockroaches
  15 goblins
  9 hobgoblins
  2 jackals (D:1)
  4 quokkas
  9 ball pythons
  6 bats
  2 frilled lizards
  3 kobolds
  4 rats
170 creatures vanquished.

Vanquished Creatures (others)
  A fungus (Lair:1)
1 creature vanquished.

Grand Total: 171 creatures vanquished

Notes
Turn   | Place    | Note
-------+----------+-------------------------------------------
     0 | D:1      | cowcol the Draconian Berserker began the quest for the Orb.
     0 | D:1      | Reached XP level 1. HP: 19/19 MP: 1/1
   229 | D:1      | Reached XP level 2. HP: 26/26 MP: 2/2
   401 | D:1      | Reached XP level 3. HP: 33/33 MP: 3/3
   629 | D:1      | Found Emonliesy's Weapon Emporium.
   694 | D:1      | Found a faded altar of an unknown god.
   918 | D:2      | Noticed Robin
   926 | D:2      | Reached XP level 4. HP: 40/40 MP: 4/4
   930 | D:2      | Reached ** piety under Trog
   968 | D:2      | Killed Robin
  1172 | D:2      | Found a runed translucent door.
  1173 | D:2      | Noticed Crazy Yiuf
  1183 | D:2      | Killed Crazy Yiuf
  1874 | D:2      | Reached XP level 5. HP: 41/46 MP: 5/5
  2762 | D:3      | Found Itimp's Weapon Boutique.
  3348 | D:4      | Reached skill level 1 in Stealth
  3351 | D:4      | Reached skill level 1 in Maces & Flails
  3351 | D:4      | Reached XP level 6. HP: 52/52 MP: 6/6
  3743 | D:5      | Entered Level 5 of the Dungeon
  3746 | D:5      | Reached skill level 5 in Axes
  3751 | D:5      | Reached skill level 1 in Long Blades
  3891 | D:5      | Reached skill level 2 in Maces & Flails
  3932 | D:5      | Reached skill level 3 in Maces & Flails
  3932 | D:5      | Your scales start taking on a rich purple colour.
  3932 | D:5      | Reached XP level 7. HP: 60/60 MP: 7/7
  4035 | D:5      | Reached skill level 1 in Throwing
  4137 | D:5      | Reached *** piety under Trog
  4138 | D:5      | Reached skill level 4 in Maces & Flails
  4221 | D:5      | Found a staircase to the Ecumenical Temple.
  4229 | D:5      | Reached skill level 5 in Maces & Flails
  4624 | D:6      | Reached XP level 8. HP: 67/67 MP: 8/8
  5127 | D:6      | Reached skill level 6 in Maces & Flails
  5419 | D:6      | Noticed Menkaure
  5431 | D:6      | Killed Menkaure
  5493 | D:6      | Reached skill level 7 in Maces & Flails
  6124 | D:7      | Found a broken altar of Ashenzari.
  6307 | D:7      | Reached skill level 5 in Fighting
  6440 | D:7      | Found an ancient bone altar of Kikubaaqudgha.
  6442 | D:7      | Found a radiant altar of Vehumet.
  6450 | D:7      | Reached XP level 9. HP: 70/74 MP: 9/9
  6509 | D:7      | Identified the +1 robe of the Wumpus {Rampage rElec rPois
                  | MP-9}
  6832 | D:8      | Found a staircase to the Lair.
  6896 | D:8      | Reached skill level 8 in Maces & Flails
  7216 | D:8      | Reached **** piety under Trog
  7431 | Lair:1   | Entered Level 1 of the Lair of Beasts
  7660 | Lair:1   | Reached skill level 9 in Maces & Flails
  7667 | Lair:1   | Noticed a cane toad
  7898 | D:8      | Killed a cane toad
  7972 | Lair:1   | Reached skill level 5 in Long Blades
  8207 | Lair:1   | Reached XP level 10. HP: 83/83 MP: 10/10
  9158 | Lair:1   | Reached skill level 10 in Maces & Flails
  9451 | Lair:1   | Noticed a black mamba
  9459 | Lair:1   | Killed a black mamba
 10056 | Lair:1   | Found a runed translucent door.
 10057 | Lair:1   | Noticed cheesebisquit's ghost (journeyman MiBe)
 10092 | Lair:1   | HP: 1/84 [cheesebisquit's ghost (21)]
 10093 | Lair:1   | Mangled by cheesebisquit's ghost

Illustrated notes

Levels and vault maps discovered:
D:1:      dpeg_arrival_concentric_ovals, layout_basic,
          ebering_ecumenical_altar_ruins, serial_shops, shop_fountains
D:2:      layout_loops_ring, minivault_24, st_stairs_10, uniq_robin,
          uniq_crazy_yiuf_cottage
D:3:      layout_loops_ring, serial_forest, infiniplex_forest_end_2,
          infiniplex_forest_fountain, infiniplex_forest_end_2,
          infiniplex_forest_fountain, infiniplex_forest_fountain,
          infiniplex_forest_join, infiniplex_forest_clump_tiny,
          infiniplex_forest_straight_4, infiniplex_forest_zigzag_1,
          serial_shops, shop
D:4:      layout_gridville
D:5:      layout_loops_ring, minmay_temple_entry_hall
D:6:      layout_basic, uniq_menkaure
D:7:      layout_loops_corners, jmf_multi_god_temple,
          mainiacjoe_overflow_cross_hatched
D:8:      layout_cave_pools, lair_entry_dummy
Lair:1:   layout_misc_corridors, gammafunk_ghost_grave, beast_lair_carwin_1

Skill      XL: |  1  2  3  4  5  6  7  8  9 10 |
---------------+-------------------------------+-----
Dodging        | 3 4 |  4.8
Axes           | 4 5 6 |  6.4
Fighting       | 4 5 6 |  6.9
Stealth        | 1 2 3 |  3.3
Maces & Flails | 1 3 5 7 9 10 | 10.4
Long Blades    | 1 2 4 5 6 |  6.0
Throwing       | 1 2 |  2.4
Short Blades   | |  0.6

Action                   |  1- 3 |  4- 6 |  7- 9 | 10-12 || total
-------------------------+-------+-------+-------+-------++-------
Melee: Hand axe          |    76 |    92 |       |       ||   168
       Tailslap          |    10 |    13 |    24 |    15 ||    62
       Eveningstar       |       |    52 |   218 |    67 ||   337
       Punch             |       |     2 |     2 |     1 ||     5
       War axe           |       |       |     5 |    20 ||    25
Throw: Stone             |     5 |     1 |       |       ||     6
       Dart              |       |    13 |    26 |     5 ||    44
Invok: Berserk           |     2 |     4 |     9 |     3 ||    18
       Trog's Hand       |       |       |       |     1 ||     1
 Abil: Breathe Dispellin |       |       |     4 |     1 ||     5
Evoke: Wand              |       |       |     1 |       ||     1
  Use: Scroll            |     2 |     2 |     5 |     2 ||    11
       Potion            |       |       |     3 |     2 ||     5
 Stab: Sleeping          |       |     4 |     2 |       ||     6
Armor: Skin              |    30 |    49 |    90 |    16 ||   185
Dodge: Dodged            |    52 |    98 |   172 |    47 ||   369
